 Dungeon Crawl Stone Soup version 0.21.1-1-g345015f (webtiles) character file.

133 inc the Scratcher (level 4, 0/19 HPs)
             Began as a Felid Transmuter on Feb 21, 2018.
             Succumbed to a worker ant's poison
             ... on level 4 of the Dungeon.
             The game lasted 00:06:07 (3339 turns).

inc the Scratcher (Felid Transmuter)                Turns: 3339, Time: 00:06:08

Health: 0/19       AC:  1    Str:  6    XL:     4   Next: 94%
Magic:  8/8        EV: 19    Int: 16    God:
Gold:   91         SH:  0    Dex: 16    Spells: 6/7 levels left
                                        Lives:  0   Deaths: 1

rFire    . . .     SeeInvis +     - Unarmed
rCold    . . .     Gourm    .   (shield unavailable)
rNeg     . . .     Faith    .   (armour unavailable)
rPois    .         Spirit   .   (helmet unavailable)
rElec    .         Reflect  .   (cloak unavailable)
rCorr    .         Harm     .   (gloves unavailable)
MR       .....                  (boots unavailable)
Stlth    ++........             (no amulet)
HPRegen  0.06/turn              (no ring)
MPRegen  0.11/turn              (no ring)

@: lethally poisoned (0 -> -1), quick
A: very small, no armour, no weapons or thrown items, stealth, claws 1, fangs 3,
see invisible, carnivore, speed 1, shaggy fur 1, slow metabolism 1, sharp paws
a: no special abilities


You were on level 4 of the Dungeon.
You were not hungry.

You visited 1 branch of the dungeon, and saw 4 of its levels.

You collected 91 gold pieces.

Inventory:

Missiles
 a - 81 arrows
Jewellery
 i - an uncursed amulet of the gourmand
 l - an uncursed ring of see invisible
Scrolls
 d - 5 scrolls of identify {unknown}
 f - 2 scrolls of amnesia {unknown}
 g - 2 scrolls of teleportation {unknown}
 h - 4 scrolls of remove curse {unknown}
 m - a scroll of immolation {unknown}
Potions
 e - a potion of curing {unknown}
 j - a potion of magic {unknown}
 k - a potion of lignification {unknown}
Books
 b - a book of Changes

   Spells                             Type                      Level
   a - Beastly Appendage              Transmutation                1
   b - Sticks to Snakes               Transmutation                2
   c - Spider Form                    Transmutation/Poison         3
   d - Ice Form                       Ice/Transmutation            4
   e - Blade Hands                    Transmutation                5
Comestibles
 c - 8 rations


   Skills:
 - Level 1.0 Fighting
 - Level 4.1 Dodging
 - Level 5.4 Unarmed Combat
 - Level 2.0 Spellcasting
 + Level 3.0 Transmutations


You had 6 spell levels left.
You knew the following spells:

 Your Spells              Type           Power        Failure   Level  Hunger
a - Beastly Appendage     Tmut           ##....       6%          1    #......


Dungeon Overview and Level Annotations

Branches:
Dungeon (4/15)
 Temple: D:4-7

Altars:

Annotations:
D:3 Sigmund


Innate Abilities, Weirdness & Mutations

You cannot wear armour.
You are incapable of wielding weapons or throwing items.
Your paws allow you to move quietly. (Stealth)
You have sharp claws.
You have razor-sharp teeth.
You have supernaturally acute eyesight. (SInv)
You are carnivorous and can eat meat at any time.
You cover ground quickly.
You are covered in fur. (AC +1)
You have a slow metabolism.
Your sharp claws are effective at attacking unaware monsters.


Message History

The worker ant is almost dead.
Your horns disappear.
* * * LOW HITPOINT WARNING * * *
You feel sick. The worker ant closely misses you.
You scratch the worker ant.
You kill the worker ant!
Your Transmutations skill increases to level 3!
There is a lethal amount of poison in your body!
* * * LOW HITPOINT WARNING * * *
You feel sick.
* * * LOW HITPOINT WARNING * * *
You feel sick.
* * * LOW HITPOINT WARNING * * *
You feel sick.
* * * LOW HITPOINT WARNING * * *
You feel sick.
* * * LOW HITPOINT WARNING * * *
You feel sick.
Okay, then.
You die...

#......# #.# ###...
#.####.# ####.#####.##
# #...# #.......##.#
#.##.#.####.......##..
#........##.......##..
###...##.##.......#...#
#.###.#.##...>...# #.
#†#.##.......# #
#@#.##.......#
#...##.########## #...
..# ###. ### .. .> ...
...


There were no monsters in sight!

Vanquished Creatures
  A hound (D:4)
  Jessica (D:2)
  A worker ant (D:4)
  5 adders
  An ooze (D:2)
  4 worms
  2 dart slugs (D:1)
  3 leopard geckos
  8 bats
  A giant cockroach (D:1)
  3 goblins
  8 hobgoblins
  6 jackals
  5 kobolds
  4 frilled lizards
  A jackal skeleton (D:4)
  7 rats
61 creatures vanquished.

Notes
Turn   | Place    | Note
-------+----------+-------------------------------------------
     0 | D:1      | inc the Felid Transmuter began the quest for the Orb.
     0 | D:1      | Reached XP level 1. HP: 9/9 MP: 4/4
   124 | D:1      | Reached XP level 2. HP: 12/12 MP: 4/6
   367 | D:1      | Reached skill level 4 in Unarmed Combat
   695 | D:1      | Reached XP level 3. HP: 10/15 MP: 7/7
  1514 | D:2      | Reached XP level 4. HP: 13/19 MP: 5/8
  1868 | D:2      | Reached skill level 5 in Unarmed Combat
  2315 | D:2      | Noticed Jessica
  2325 | D:2      | Killed Jessica
  2761 | D:3      | Reached XP level 5. HP: 12/22 MP: 7/9
  2996 | D:3      | Noticed Sigmund
  3088 | D:4      | Noticed an ogre
  3111 | D:4      | Slain by a hound
  3112 | D:4      | Reached XP level 4. HP: -3/19 MP: 8/8
  3339 | D:4      | Succumbed to a worker ant's poison

Skill      XL: |  1  2  3  4 |
---------------+-------------+-----
Unarmed Combat | 4 5 |  5.4
Dodging        | 4 |  4.1
Transmutations | 3 |  3.0
Fighting       | |  1.0
Spellcasting   | |  2.0

Action                   |  1- 3 |  4- 6 || total
-------------------------+-------+-------++-------
Melee: Unarmed           |    97 |    97 ||   194
       Bite              |     9 |     4 ||    13
       Headbutt          |    10 |    12 ||    22
       Punch             |     2 |     4 ||     6
 Cast: Beastly Appendage |    16 |    18 ||    34
  Use: Potion            |     1 |       ||     1
 Stab: Sleeping          |     7 |     2 ||     9
  Eat: Chunk             |     1 |     4 ||     5
Armor: Skin              |     7 |     7 ||    14
Dodge: Dodged            |    83 |    66 ||   149
